 Dungeon Sprint DCSS version 0.27-a0-223-ge082b6e869 (webtiles) character file.

Game seed: 7381629069354125790

207 sahdkjhfkaj the Grappler (level 5, -3/44 HPs)
             Began as a Naga Transmuter on Feb 1, 2021.
             Was a Believer of Cheibriados.
             Slain by an ogre
             ... wielding a +0 giant club
              (13 damage)
             ... in the Dungeon (Sprint IX: "|||||||||||||||||||||||||||||").
             The game lasted 00:01:10 (452 turns).

sahdkjhfkaj the Grappler (Naga Transmuter)           Turns: 452, Time: 00:01:11

Health: -3/44      AC:  7    Str: 17    XL:     5   Next: 85%
Magic:  8/8        EV:  8    Int: 18    God:    Cheibriados [**....]
Gold:   0          SH:  0    Dex: 18    Spells: 0/8 levels left

rFire    . . .     SeeInvis +     - Unarmed
rCold    . . .     Faith    .   (no shield)
rNeg     . . .     Spirit   .   a - +0 robe
rPois    +         Reflect  .   (no helmet)
rElec    .         Harm     .   j - +0 cloak
rCorr    .         Rampage  .   (no gloves)
Will     .....     NoTele   +   k - +0 barding
Stlth    ++........             (no amulet)
HPRegen  0.14/turn              i - +3 ring of dexterity
MPRegen  0.11/turn              (no ring)

@: very slow
A: large, see invisible, deformed body, poison resistance, slowness 2, spit
poison 1, AC +1
a: Spit Poison, Renounce Religion, Bend Time


You were in the Dungeon.
You worshipped Cheibriados.
Cheibriados was pleased with you.
You visited 1 branch

Inventory:

Armour
 a - a +0 robe (worn)
 j - a +0 cloak (worn)
   (You found it in the Dungeon)
 k - a +0 barding (worn)
   (You found it in the Dungeon)
Jewellery
 i - a +3 ring of dexterity (left hand)
   (You found it in the Dungeon)
Wands
 x - a wand of acid (10)
   (You found it in the Dungeon)
Scrolls
 e - 3 scrolls of remove curse {@r2}
 g - 2 scrolls of amnesia
 h - 2 scrolls of blinking
Potions
 b - a potion of invisibility
 c - 5 potions of curing {@q1}
 d - 3 potions of heal wounds {@q2}
 f - 4 potions of magic


   Skills:
 - Level 1.0 Fighting
 - Level 1.5 Dodging
 - Level 10.1 Unarmed Combat
 - Level 2.0 Spellcasting
 + Level 6.6 Transmutations


You couldn't memorise any spells.
You knew the following spells:

 Your Spells              Type           Power        Failure   Level
a - Beastly Appendage     Tmut           50%          1%          1
A - Blade Hands           Tmut           12%          32%         5
S - Wereblood             Tmut           25%          1%          2

Your spell library contained the following spells:

 Spells                   Type           Power        Failure   Level
 Spider Form              Tmut/Pois      6%           14%         3
 Ice Form                 Ice/Tmut       13%          43%         4


Dungeon Overview and Level Annotations

Branches:
Dungeon (1/1)

Altars:
Cheibriados
Dithmenos
Elyvilon
Fedhas
Gozag
Hepliaklqana
Kikubaaqudgha
Makhleb
Nemelex Xobeh
Okawaru
Qazlal
Ru
Sif Muna
Trog
Uskayaw
Vehumet
Wu Jian
Xom
Yredelemnul
Zin
The Shining One
Beogh
Jiyva
Lugonu


Innate Abilities, Weirdness & Mutations

You cannot wear boots.
Your serpentine skin is tough. (AC +1)
You have supernaturally acute eyesight. (SInv)
Armour fits poorly on your strangely shaped body.
Your system is resistant to poisons. (rPois)
You cover ground very slowly.
You can spit poison.


Message History

The bullfrog snags a nearby moth with its tongue.
The bullfrog hits you.
You punch the bullfrog!
You kill the bullfrog!
Cheibriados thoroughly appreciates the change of pace.
The white imp gestures at you. The puff of frost hits you!
* * * LOW HITPOINT WARNING * * *
Your Transmutations skill gained 4 levels and is now at level 6!
The white imp hits you but does no damage.
The white imp gestures at you.
The puff of frost hits you but does no damage.
There is an open door to the Dungeon, spattered with blood here.
Unknown command.
Unknown command.
You hit the white imp. The white imp closely misses you.
Unknown command.
You barely miss the white imp. You punch the white imp!
You kill the white imp!
Cheibriados thoroughly appreciates the change of pace.
Cheibriados is now slowing the effects of poison on you.
Cheibriados raises the support of your attributes as your movement slows. x2
Unknown command.
Unknown command.
You hit the orc. The orc barely misses you.
Unknown command.
You closely miss the orc.
Your primal bloodlust is almost over.
The orc hits you but does no damage.
You punch the orc!
You kill the orc!
Cheibriados appreciates the change of pace.
You closely miss the adder. Your punch misses the adder.
The adder bites you but does no damage.
You barely miss the adder. The adder bites you but does no damage.
You punch the adder!
You kill the adder!
Cheibriados thoroughly appreciates the change of pace.
Cheibriados raises the support of your attributes as your movement slows.
You howl as the wereblood boils in your veins!
You punch the ogre! The ogre closely misses you.
You hit the ogre.
Unknown command.
You hit the ogre.
Your primal bloodlust has ended.
The ogre hits you with a +0 giant club!
* * * LOW HITPOINT WARNING * * *
You completely miss the ogre. The ogre hits you with a +0 giant club!
You die... ▓▓▓▓▓▓▓▓▓▓▓▓▓▓▓▓▓▓▓▓▓▓▓▓ ______'..)...[).@OZ....+ ▓▓▓▓▓▓▓▓▓▓▓▓▓▓▓▓▓▓▓▓▓▓▓▓

You could see an ogre and a bat skeleton.

Vanquished Creatures
  An ice beast (D)
  A bullfrog (D)
  3 adders (D)
  2 white imps (D)
  An ufetubus (D)
  A leopard gecko (D)
  An orc (D)
  A goblin (D)
  A hobgoblin (D)
  2 rats (D)
14 creatures vanquished.

Notes
Turn   | Place    | Note
-------+----------+-------------------------------------------
     0 | D        | sahdkjhfkaj the Naga Transmuter began the quest for the
                  | Orb.
     0 | D        | Reached XP level 1. HP: 18/18 MP: 3/3
     9 | D        | Reached skill level 4 in Unarmed Combat
    24 | D        | Noticed an ice beast
    29 | D        | Reached skill level 5 in Unarmed Combat
    29 | D        | Reached XP level 2. HP: 17/25 MP: 5/5
    37 | D        | Reached skill level 6 in Unarmed Combat
    40 | D        | Killed an ice beast
    41 | D        | Reached skill level 9 in Unarmed Combat
    41 | D        | Reached XP level 3. HP: 20/31 MP: 6/6
    41 | D        | Reached XP level 4. HP: 25/38 MP: 7/7
    43 | D        | Reached XP level 5. HP: 29/44 MP: 8/8
    45 | D        | Reached skill level 10 in Unarmed Combat
   333 | D        | Found a roughly hewn altar of Beogh.
   333 | D        | Found a snail-covered altar of Cheibriados.
   333 | D        | Found a shadowy altar of Dithmenos.
   333 | D        | Found a white marble altar of Elyvilon.
   333 | D        | Found a blossoming altar of Fedhas.
   333 | D        | Found an opulent altar of Gozag.
   334 | D        | Found a hazy altar of Hepliaklqana.
   335 | D        | Found a viscous altar of Jiyva.
   336 | D        | Found an ancient bone altar of Kikubaaqudgha.
   337 | D        | Found a corrupted altar of Lugonu.
   338 | D        | Found a burning altar of Makhleb.
   339 | D        | Found a sparkling altar of Nemelex Xobeh.
   340 | D        | Found an iron altar of Okawaru.
   341 | D        | Found a stormy altar of Qazlal.
   342 | D        | Found a sacrificial altar of Ru.
   343 | D        | Found a shimmering blue altar of Sif Muna.
   344 | D        | Found a bloodstained altar of Trog.
   345 | D        | Found a hide-covered altar of Uskayaw.
   346 | D        | Found a radiant altar of Vehumet.
   347 | D        | Found an ornate altar of the Wu Jian Council.
   348 | D        | Found a shimmering altar of Xom.
   363 | D        | Became a worshipper of Cheibriados the Contemplative
   376 | D        | Found a basalt altar of Yredelemnul.
   377 | D        | Found a glowing silver altar of Zin.
   378 | D        | Found a glowing golden altar of the Shining One.
   393 | D        | Got the +2 halberd "Gargh" {holy, Int-4 Dex+9}
   418 | D        | Learned a level 5 spell: Blade Hands
   421 | D        | Learned a level 2 spell: Wereblood
   422 | D        | Noticed an ogre
   442 | D        | Reached * piety under Cheibriados
   448 | D        | Reached ** piety under Cheibriados
   452 | D        | Slain by an ogre

Illustrated notes

Levels and vault maps discovered:
D:        linesprint [early_d, line_temple, items_1, d_10, items_2, lair_1,
          lair_end, items_3, orc_1, orc_end, items_4, d_15, swamp_1, shoals_1,
          snake_1, spider_1, d_20, vaults_1, items_5, swamp_end, shoals_end,
          snake_end, spider_end, vaults_end, d_27, items_6, zot_1, zot_end,
          crypt_end, forest_end, elf_end, slime_end, tomb_end, abyss_end,
          pan_hell_end]

Skill      XL: |  1  2  3  4  5 |
---------------+----------------+-----
Unarmed Combat | 5 9 10 | 10.1
Transmutations | 6 |  6.6
Fighting       | |  1.0
Dodging        | |  1.5
Spellcasting   | |  2.0

Action                   |  1- 3 |  4- 6 || total
-------------------------+-------+-------++-------
Melee: Unarmed           |    28 |    29 ||    57
       Punch             |       |     1 ||     1
 Cast: Wereblood         |       |     1 ||     1
  Use: Potion            |     2 |       ||     2
Armor: Robe              |       |    11 ||    11
Dodge: Dodged            |    18 |    10 ||    28

Table legend: (Time is in decaauts)
 A = Elapsed time spent in this place.
 B = Non-inter-level travel time spent in this place.
 C = Inter-level travel time spent in this place.
 D = Time resting spent in this place.
 E = Time spent auto-exploring this place.
 F = Levels seen in this place.
 G = Mean time per level.
                   A        B        C        D        E       F      G
               +--------+--------+--------+--------+--------+-----+--------+
         Total |    481 |    481 |      0 |    285 |      0 |   1 |  481.0 |
       Dungeon |    481 |    481 |      0 |    285 |      0 |   1 |  481.0 |
               +--------+--------+--------+--------+--------+-----+--------+

Top non-repeatable levels by time:
       D: 481 daAuts
